cohdb
Replays
Latest Replays
All Replays
Popular Replays
Top Player Replays
Match Explorer
How It Works
Community
CoH3 Stats
Reddit
Sign in to upload your games and track your stats! →
Sign in with Steam
Match 42450630
Unlisted
Match 42450630
Overview
Messages
Build Orders
End
Vickers Machine Gun Team
Construct Section Command Post
Dingo Light Scout Car
Infantry Section
Infantry Section
Construct Platoon Command Post
Humber Armored Car
Infantry Section
ML 3-inch Mortar Team
Infantry Training
CMP 15cwt Truck
6-pounder Anti-tank Gun Team
Construct Company Command Post
Selects Indian Artillery Battlegroup
Selects Valour
Selects Gurkha Rifles Section
Selects Volunteer Infantry
Selects Artillery Saturation
Crusader II Medium Tank
Mo-J
Wheeler
Рачок-добрячок
YourMom'sPiesSoHotRightNow
0
0
Comments
sign in to comment!
No comments posted yet!